 Dungeon Crawl Stone Soup version 0.31-a0-845-g9abc20d24f (webtiles) character file.

Game seed: 2573633866926431520

127 arthad the Ruffian (level 5, 0/38 HPs)
             Began as a Djinni Shapeshifter on Oct 1, 2023.
             Slain by an iguana (9 damage)
             ... on level 4 of the Dungeon.
             The game lasted 00:04:50 (2927 turns).

arthad the Ruffian (Djinni Shapeshifter)            Turns: 2927, Time: 00:04:50

Health: 0/38       AC:  2    Str: 15    XL:     5   Next: 33%
Gold:   247        EV: 12    Int: 12    God:
                   SH:  0    Dex: 12

rFire   + +          .
                       - Unarmed
rCold   x . .        (no shield)
rNeg    . . .        a - +0 animal skin
rPois   ∞            (helmet currently unavailable)
rElec   .            (cloak currently unavailable)
rCorr   .            (gloves currently unavailable)
SInv    .            (boots unavailable)
Will    .....        (no amulet)
Stlth   ++           (no ring)
HPRegen 0.26/turn    (no ring)
MPRegen 0.00/turn

%: infuse magic (-1 HP)
@: beast-form, attractive, flying, invisible
A: beast (slay +1), flying, sickness immunity, fire resistance 2, cold
vulnerability 1, float, innate caster, HP casting, extra vitality 1
a: Begin Untransformation


You were on level 4 of the Dungeon.
You were a hulking beast.
You visited 1 branch of the dungeon, and saw 4 of its levels.

You collected 247 gold pieces.

Inventory:

Missiles
 h - 11 poisoned darts
 l - 3 darts of dispersal
 p - 6 javelins
 q - 2 boomerangs
Armour
 a - a +0 animal skin (worn)
 n - a +0 hat
Magical Staves
 f - a staff of conjuration
Talismans
 c - a beast talisman (active)
 d - a flux talisman
Scrolls
 b - a scroll of noise {unknown}
 e - 2 scrolls of teleportation {unknown}
 k - 2 scrolls of blinking {unknown}
 o - a scroll of amnesia {unknown}
 r - a scroll of vulnerability {unknown}
Potions
 j - a potion of attraction
 m - a potion of ambrosia {unknown}


   Skills:
 * Level 2.1 Fighting
 * Level 3.1 Dodging
 + Level 1.0 Stealth
 * Level 3.6 Unarmed Combat
 * Level 1.0 Spellcasting
 * Level 1.0 Conjurations
 * Level 1.0 Hexes
   Level 0.0 Charms
 * Level 1.0 Summonings
 * Level 1.0 Necromancy
 * Level 1.0 Translocations
 * Level 1.0 Transmutations
 * Level 1.0 Fire Magic
 * Level 1.0 Ice Magic
 * Level 1.0 Air Magic
 * Level 1.0 Earth Magic
 * Level 1.0 Poison Magic
 * Level 3.2 Shapeshifting


You knew the following spells:

 Your Spells              Type           Power      Damage    Failure   Level
a - Summon Small Mammal   Summ           12%        N/A       21%         1
b - Wereblood             Tmut           3%         N/A       30%         2
Your spell library was empty.

Dungeon Overview and Level Annotations

Branches:
Dungeon (4/15)
 Temple: D:4-7

Altars:
Dithmenos
Nemelex Xobeh
Qazlal
Zin


Innate Abilities, Weirdness & Mutations

You are a hulking beast.
Your limbs bulge with bestial killing power. (Slay +1)
You are flying.
You are immune to sickness and miasma.
You are immune to poison.
Your flesh is very heat resistant. (rF++)
You are vulnerable to cold. (rC-)
You float through the air rather than walking.
You learn spells naturally, not from books.
Your magical power is your life essence.
You have superior vitality. (+4 MHP)


Message History

A hobgoblin comes into view.
The iguana hisses angrily.
A scorpion comes into view.
The teleport trap disappears.
The hobgoblin disappears!
A quokka comes into view.
The hobgoblin moves out of view.
You hit the iguana but do no damage. The iguana closely misses you.
You punch the iguana!
The iguana is heavily wounded.
The iguana bites you!
You hit the iguana but do no damage.
The iguana is heavily wounded.
The iguana bites you.
You completely miss the iguana.
The iguana is heavily wounded.
The iguana barely misses you.
You closely miss the iguana.
The iguana is heavily wounded.
You barely miss the iguana.
The iguana is heavily wounded.
The iguana bites you.
You hit the iguana but do no damage.
The iguana is heavily wounded.
The iguana bites you!
* * * LOW HITPOINT WARNING * * *
It was a potion of curing.
You feel better. The iguana barely misses you. The iguana bites you!
* * * LOW HITPOINT WARNING * * *
You feel better. The iguana bites you.
* * * LOW HITPOINT WARNING * * *
It was a potion of attraction.
You feel attractive to monsters.
The iguana hisses menacingly.
The iguana bites you!
* * * LOW HITPOINT WARNING * * *
It was a potion of invisibility.
You fade into invisibility!
The iguana misses you.
You feel better. The iguana bites you!
You die...

########.#...
#..r...r....#
#.#s######..# #l# #h#
#.# #.# #.# #.#
#.########
#######......†#######
#.....##.......<....#
#.#.#.#.#.###.#####.#


You could see a scorpion (unable to see you), an iguana (unable to see you) and
a quokka (unable to see you).

Vanquished Creatures
  An iguana (D:4)
  3 adders
  A worm (D:3)
  3 dart slugs
  9 endoplasms
  5 giant cockroaches
  5 hobgoblins
  9 kobolds
  2 quokkas
  4 ball pythons
  6 bats
  A frilled lizard (D:2)
  6 goblins
  7 rats
62 creatures vanquished.

Notes
Turn   | Place    | Note
-------+----------+-------------------------------------------
     0 | D:1      | arthad the Djinni Shapeshifter began the quest for the Orb.
     0 | D:1      | Reached XP level 1. HP: 17/17 MP: 0/0
   238 | D:1      | Reached XP level 2. HP: 22/22 MP: 0/0
   468 | D:1      | Found a faded altar of an unknown god.
   731 | D:1      | Reached XP level 3. HP: 26/27 MP: 0/0
   731 | D:1      | Learned a level 1 spell: Summon Small Mammal
  1571 | D:2      | Reached XP level 4. HP: 31/32 MP: 0/0
  2023 | D:3      | Found a sparkling altar of Nemelex Xobeh.
  2024 | D:3      | Found a shadowy altar of Dithmenos.
  2341 | D:3      | Found a stormy altar of Qazlal.
  2411 | D:3      | Found a glowing silver altar of Zin.
  2571 | D:3      | Reached XP level 5. HP: 36/38 MP: 0/0
  2571 | D:3      | Learned a level 2 spell: Wereblood
  2762 | D:4      | Reached skill level 1 in Stealth
  2762 | D:4      | Reached skill level 1 in Spellcasting
  2762 | D:4      | Reached skill level 1 in Conjurations
  2762 | D:4      | Reached skill level 1 in Hexes
  2762 | D:4      | Reached skill level 1 in Summonings
  2762 | D:4      | Reached skill level 1 in Necromancy
  2762 | D:4      | Reached skill level 1 in Translocations
  2762 | D:4      | Reached skill level 1 in Transmutations
  2762 | D:4      | Reached skill level 1 in Fire Magic
  2762 | D:4      | Reached skill level 1 in Ice Magic
  2762 | D:4      | Reached skill level 1 in Air Magic
  2762 | D:4      | Reached skill level 1 in Earth Magic
  2762 | D:4      | Reached skill level 1 in Poison Magic
  2925 | D:4      | HP: 1/38 [iguana (9)]
  2927 | D:4      | Slain by an iguana

Illustrated notes

Levels and vault maps discovered:
D:1:      minmay_arrival_split_and_join, layout_loops_corners,
          nicolae_ecumenical_lake_church
D:2:      layout_loops_ring, grunt_ministairs_6
D:3:      minmay_door_path, layout_rooms, gammafunk_temple_overflow_pools,
          nicolae_qazlal_eye_of_the_storm, zin_scriptorium
D:4:      kennysheep_goblin_castle, layout_loops_ring, dk_yredelemnul_ordeal,
          mainiacjoe_overflow_six_doors_small, kennysheep_little_box

Skill      XL: |  1  2  3  4  5 |
---------------+----------------+-----
Shapeshifting  | 3 |  3.2
Fighting       | 2 |  2.1
Dodging        | 3 |  3.1
Stealth        | 1 |  1.0
Spellcasting   | 1 |  1.0
Conjurations   | 1 |  1.0
Hexes          | 1 |  1.0
Summonings     | 1 |  1.0
Necromancy     | 1 |  1.0
Translocations | 1 |  1.0
Transmutations | 1 |  1.0
Fire Magic     | 1 |  1.0
Ice Magic      | 1 |  1.0
Air Magic      | 1 |  1.0
Earth Magic    | 1 |  1.0
Poison Magic   | 1 |  1.0
Unarmed Combat | |  3.6

Action                     |  1- 3 |  4- 6 || total
---------------------------+-------+-------++-------
  Melee: Unarmed           |   134 |    96 ||   230
         Punch             |     1 |     2 ||     3
  Throw: Dart              |     3 |       ||     3
   Cast: Summon Small Mamm |       |     1 ||     1
    Use: Potion            |     1 |     5 ||     6
   Stab: Sleeping          |       |     6 ||     6
 Armour: Animal skin       |    52 |    46 ||    98
         Skin              |     2 |       ||     2
  Dodge: Dodged            |    99 |    46 ||   145

Table legend: (Time is in decaauts)
 A = Elapsed time spent in this place.
 B = Non-inter-level travel time spent in this place.
 C = Inter-level travel time spent in this place.
 D = Time resting spent in this place.
 E = Time spent auto-exploring this place.
 F = Levels seen in this place.
 G = Mean time per level.
                   A        B        C        D        E       F      G
               +--------+--------+--------+--------+--------+-----+--------+
         Total |   2913 |   2839 |     74 |      0 |   2361 |   4 |  728.2 |
       Dungeon |   2913 |   2839 |     74 |      0 |   2361 |   4 |  728.2 |
               +--------+--------+--------+--------+--------+-----+--------+

Top non-repeatable levels by time:
     D:1: 1198 daAuts
     D:2: 789 daAuts
     D:3: 752 daAuts
     D:4: 173 daAuts
